good game at aere

Match 16752779
End
Panzergrenadier Squad
Kradschützen Motorcycle Team
Selects Italian Combined Arms Battlegroup
Selects Bersaglieri Squad
Panzergrenadier Squad
Construct Light Support Kompanie
Selects Vehicle Support - Secure Location
2.5-tonne Medical Truck
Panzerjäger Squad
Construct Mechanized Kompanie
Assault Mechanized Group
Veteran Squad Leaders
Selects Semovente da 75/18 Assault Gun
Selects Carro Armato M13/40 Light Tank
Carro Armato M13/40 Light Tank
Carro Armato M13/40 Light Tank
Carro Armato M13/40 Light Tank
Selects Pact of Steel
Carro Armato M13/40 Light Tank
Vehicle Survival Package
Selects Vehicle Support - Force Recon
Tungsten Core Ammunition
Construct Panzerarmee Kommand
2.5-tonne Medical Truck
Emergency Repair Kits
Carro Armato M13/40 Light Tank
Carro Armato M13/40 Light Tank
Rapid Advance
Advanced Field Repairs
Armored Reserves
Tiger Heavy Tank
Carro Armato M13/40 Light Tank
Carro Armato M13/40 Light Tank
Carro Armato M13/40 Light Tank
Carro Armato M13/40 Light Tank
Advanced Optics
Panzergrenadier Squad
Panzergrenadier Squad
Carro Armato M13/40 Light Tank
Carro Armato M13/40 Light Tank
AI Takeover
Wolf 0815
Büffel
Danver
silentbreacher
0
0

Comments sign in to comment!

No comments posted yet!